 Dungeon Crawl Stone Soup version 0.30-a0-1074-g5db6f66fbb (webtiles) character file.

Game seed: 11994129802629123005

2 hwolsky the Trooper (level 1, -2/20 HPs)
             Began as a Minotaur Fighter on Apr 13, 2023.
             Slain by a gnoll
             ... wielding a +0 spear
              (3 damage)
             ... on level 1 of the Dungeon.
             The game lasted 00:00:31 (95 turns).

hwolsky the Trooper (Minotaur Fighter)                Turns: 95, Time: 00:00:31

Health: -2/20      AC:  7    Str: 20    XL:     1   Next: 33%
Magic:  0/0        EV:  9    Int:  5    God:
Gold:   0          SH:  4    Dex:  9    Spells: 0/0 levels left

rFire   . . .      SeeInvis .    a - +0 long sword
rCold   . . .      Faith    .    c - +0 buckler
rNeg    . . .      Spirit   .    b - +0 scale mail
rPois   .          Reflect  .    (helmet restricted)
rElec   .          Rampage  .    (no cloak)
rCorr   .                        (no gloves)
Will    .....                    (no boots) Stlth
                                 (no amulet)
HPRegen 0.23/turn                (no ring)
MPRegen 0.07/turn                (no ring)

@: no status effects
A: horns 2, retaliatory headbutt
a: no special abilities


You were on level 1 of the Dungeon.
You visited 1 branch of the dungeon, and saw 1 of its levels.

Inventory:

Hand Weapons
 a - a +0 long sword (weapon)
Armour
 b - a +0 scale mail (worn)
 c - a +0 buckler (worn)
Potions
 d - a potion of might
 e - a potion of mutation {unknown}


   Skills:
 * Level 3.7 Fighting
 * Level 2.5 Long Blades
 * Level 3.7 Armour
 + Level 3.6 Shields


You couldn't memorise any spells.
You didn't know any spells.
Your spell library was empty.

Dungeon Overview and Level Annotations

Branches:
Dungeon (1/15)

Altars:


Innate Abilities, Weirdness & Mutations

You have a pair of horns on your head.
You reflexively headbutt those who attack you in melee.


Message History

Found 9 gold pieces.
A nearby plant withers and dies.
You hit the plant.
The plant begins to die.
The plant is lightly damaged.
The gnoll hits you from afar with a +0 spear.
You hit the plant.
The plant is lightly damaged.
A nearby plant withers and dies. x2
The gnoll hits you from afar with a +0 spear.
The hobgoblin hits you but does no damage.
The gnoll closely misses you.
You hit the plant. You headbutt the plant!
The plant is lightly damaged.
The hobgoblin barely misses you. The gnoll misses you.
A nearby plant withers and dies.
The gnoll hits you from afar with a +0 spear.
A frilled lizard comes into view.
The frilled lizard hisses angrily.
The hobgoblin hits you. The gnoll misses you. The hobgoblin hits you.
You hit the hobgoblin.
You kill the hobgoblin!
The gnoll barely misses you. The gnoll barely misses you.
You see here a hobgoblin corpse.
You hit the gnoll.
The gnoll is lightly wounded.
The gnoll closely misses you. The gnoll hits you but does no damage.
You hit the gnoll but do no damage.
The gnoll is lightly wounded.
The frilled lizard bites you but does no damage.
The gnoll hits you with a +0 spear!
* * * LOW HITPOINT WARNING * * *
You closely miss the frilled lizard. The gnoll barely misses you.
The frilled lizard barely misses you.
You barely miss the frilled lizard. You block the gnoll's attack.
You block the frilled lizard's attack. The frilled lizard misses you.
You furiously retaliate!
You headbutt the frilled lizard!
You kill the frilled lizard!
The gnoll hits you with a +0 spear.
You die...

....... #........
#.......# #.......#
#....... #########.....#
#............(# #
.......g......## #.###
$...P...@......## #....
..P...PP..###...#########
..P....PP.# #............
.....P.PP.# #........####
..PP...PP.# #.....#######
#.P.......# #....## #..
#..P..P...# #...## #....
##........# #...# #....#
.....# ...###


You could see a gnoll.

Vanquished Creatures
  A bat (D:1)
  A hobgoblin (D:1)
  A frilled lizard (D:1)
3 creatures vanquished.

Vanquished Creatures (others)
  4 plants (D:1)
4 creatures vanquished.

Grand Total: 7 creatures vanquished

Notes
Turn   | Place    | Note
-------+----------+-------------------------------------------
     0 | D:1      | hwolsky the Minotaur Fighter began the quest for the Orb.
     0 | D:1      | Reached XP level 1. HP: 19/19 MP: 0/0
    93 | D:1      | HP: 1/20 [gnoll/+0 spear (8)]
    95 | D:1      | Slain by a gnoll

Illustrated notes

Levels and vault maps discovered:
D:1:      dpeg_arrival_concentric_ovals, layout_basic, nicolae_grassy_gnolls

Action                     || total
---------------------------++-------
  Melee: Long sword        ||    10
         Headbutt          ||     1
 Armour: Scale mail        ||    11
  Dodge: Dodged            ||    17
  Block: Buckler           ||     5

Table legend: (Time is in decaauts)
 A = Elapsed time spent in this place.
 B = Non-inter-level travel time spent in this place.
 C = Inter-level travel time spent in this place.
 D = Time resting spent in this place.
 E = Time spent auto-exploring this place.
 F = Levels seen in this place.
 G = Mean time per level.
                   A        B        C        D        E       F      G
               +--------+--------+--------+--------+--------+-----+--------+
         Total |     97 |     97 |      0 |      0 |     43 |   1 |   97.0 |
       Dungeon |     97 |     97 |      0 |      0 |     43 |   1 |   97.0 |
               +--------+--------+--------+--------+--------+-----+--------+

Top non-repeatable levels by time:
     D:1: 97 daAuts
